 Dungeon Crawl Stone Soup version 0.29-a0-234-g0dae59b3db (webtiles) character file.

Game seed: 6067916747759493750

11380 spaghetti the Marksdemonspawn (level 11, 0/72 HPs)
             Began as a Demonspawn Hunter on Mar 2, 2022.
             Was a High Priest of Cheibriados.
             Slain by a seven-headed hydra (9 damage)
             ... on level 1 of the Lair of Beasts.
             The game lasted 00:15:49 (7477 turns).

spaghetti the Marksdemonspawn (Demonspawn Hunter)   Turns: 7477, Time: 00:15:49

Health: 0/72       AC: 11    Str: 26    XL:     11   Next: 48%
Magic:  11/11      EV: 12    Int: 26    God:    Cheibriados [*****.]
Gold:   392        SH:  0    Dex: 24    Spells: 10/10 levels left

rFire   . . .      SeeInvis +   b - +11 quarterstaff of Qiublank {flame, rElec, staff}
rCold   . . .      Faith    .   (shield currently unavailable)
rNeg    . . .      Spirit   .   d - +1 ring mail "Ifung" {rCorr}
rPois   .          Reflect  .   (helmet unavailable)
rElec   +          Harm     .   r - +2 cloak
rCorr   +          Rampage  .   (no gloves)
Will    .....                   (no boots)
Stlth   ++........              (no amulet)
HPRegen 0.22/turn               s - ring of see invisible
MPRegen 0.12/turn               c - ring of Muos {Fly Slay+3}

@: flying, very slow
A: antennae 3, molten scales 1, demonic magic 1
a: Renounce Religion, Bend Time, Temporal Distortion, Slouch, Step From Time


You were on level 1 of the Lair of Beasts.
You worshipped Cheibriados.
Cheibriados was extremely pleased with you.
You visited 2 branches of the dungeon, and saw 9 of its levels.

You collected 392 gold pieces.


Innate Abilities, Weirdness & Mutations

You have a pair of large antennae on your head. (SInv)
You are partially covered in molten scales. (AC +2)
Spells you cast may paralyse adjacent enemies.


   Skills:
 - Level 2.0 Fighting
 + Level 16.8 Bows
 - Level 1.7 Dodging
 - Level 0.8 Stealth
 + Level 1.1 Invocations


You had 10 spell levels left.
You didn't know any spells.
Your spell library contained the following spells:

 Spells                   Type           Power      Damage    Failure   Level
 Sandblast                Erth           0%         2d4       19%         1
 Shock                    Conj/Air       0%         1d3       19%         1
 Ensorcelled Hibernation  Hex/Ice        0%         N/A       28%         2
 Passwall                 Tmut/Erth      0%         N/A       28%         2
 Spider Form              Tmut/Pois      0%         N/A       50%         3
 Stone Arrow              Conj/Erth      0%         3d7       50%         3
 Swiftness                Air            0%         N/A       50%         3
 Airstrike                Air            0%         N/A       88%         4
 Anguish                  Hex/Necr       0%         N/A       88%         4

Inventory:

Hand Weapons
 a - a +6 shortbow of venom {bow}
   (You acquired it on level 1 of the Dungeon)
 b - the +11 quarterstaff of Qiublank (weapon) {flame, rElec, staff}
   (You found it on level 2 of the Dungeon)

   It burns those it strikes, dealing additional fire damage.
   rElec:     It insulates you from electricity.
 k - a +1 shortbow {bow}
Missiles
 e - 166 stones {throwing}
 f - 13 poisoned darts {throwing}
 j - a throwing net {=f!fthrowing}
 n - 5 boomerangs {throwing}
Armour
 d - the +1 ring mail "Ifung" (worn) {rCorr}
   (You found it on level 1 of the Lair of Beasts)

   rCorr:     It protects you from acid and corrosion.
 o - a +0 leather armour
 r - a +2 cloak (worn)
   (You found it on level 2 of the Dungeon)
Magical Staves
 q - a staff of fire {!astaff}
   (You found it on level 7 of the Dungeon)
Jewellery
 c - the ring of Muos (right hand) {Fly Slay+3}
   (You acquired it on level 3 of the Dungeon)

   [ring of flight]

   Slay:      It affects your accuracy & damage with ranged weapons and melee
   (+3).
   Fly:       It grants you flight.
 s - a ring of see invisible (left hand)
   (You found it on level 3 of the Dungeon)
Wands
 u - a wand of iceblast (21)
   (You found it on level 5 of the Dungeon)
 v - a wand of paralysis (7)
   (You found it on level 7 of the Dungeon)
 w - a wand of digging (1)
   (You found it on level 8 of the Dungeon)
 y - a wand of flame (22)
   (You took it off Maurice on level 8 of the Dungeon)
Scrolls
 m - a scroll of blinking {!r}
 p - a scroll of brand weapon
 t - 5 scrolls of vulnerability {!r!r}
Potions
 g - 2 potions of resistance
 h - a potion of cancellation
 i - a potion of brilliance
 x - 2 potions of attraction {!q}

Dungeon Overview and Level Annotations

Branches:
Dungeon (8/15)               Lair (1/6) D:8
 Temple: D:4-7

Altars:
Ashenzari
Cheibriados
Dithmenos
Elyvilon
Fedhas
Kikubaaqudgha
Nemelex Xobeh
Okawaru
Sif Muna
Trog
Zin

Shops:
D:1 ?   D:2 *   D:8 (

Annotations:
D:8 3 runed translucent doors, bladeefan's ghost, novice DsCK

#.###+## ##..##... #####
#.###..†. #. ##........
#. #..>.....# #.
##.....### .### ######.#
#####+..##### #.#
#......D....# #.##
##.....@...## ###..#
#.........# #.....
#.........# #..#.#
#.........### ###.#..#
##..........P####....#.#
#..........+......####.#
##.........###.#### #.#
####.#.+### ### ##.#
#####...# #..#


You could see a seven-headed hydra (very poisoned).


Message History

Unknown command.
Unknown command.
Activating: Slouch (61% risk of failure)
Press: ? - help, Dir - look around, f - activate You can feel time thicken for a moment.
You kill Grum!
Cheibriados thoroughly appreciates the change of pace.
You kill the basilisk!
Cheibriados appreciates the change of pace.
Cheibriados lowers the support of your attributes as your movement quickens. 😮 MP[-5]
You lost 5 mp, and now have 2/11 mp.
Unknown command.
Unknown command.
You start resting. 😕 HP[+16] MP[+9]
You regained 16 hp, and now have 60/72 hp.
Your mp is fully restored (11).
Things that are here:
a -1 spear {polearm}; a +0 animal skin; 😎 HP[+12]
Your hp is fully restored (72).
Found an escape hatch in the floor.
There is an open door, spattered with blood here.
Things that are here:
a cane toad corpse; a wolf corpse The +11 quarterstaff of Qiublank {flame, rElec, staff} stops flaming.
Your +6 shortbow of venom {bow} begins to drip with poison!
a - a +6 shortbow of venom (weapon)
{bow} The water moccasin hisses angrily.
You shoot an arrow. The arrow hits the water moccasin!
You shoot an arrow. The arrow hits the water moccasin!
The water moccasin is poisoned.
You shoot an arrow.
The arrow barely misses the water moccasin.
You shoot an arrow.
The arrow closely misses the water moccasin.
The water moccasin barely misses you.
You shoot an arrow.
The arrow closely misses the water moccasin.
The water moccasin bites you but does no damage.
You shoot an arrow.
The arrow closely misses the water moccasin.
The water moccasin closely misses you. x2
Your +6 shortbow of venom {bow} stops dripping with poison.
The +11 quarterstaff of Qiublank {flame, rElec, staff} bursts into flame!
b - the +11 quarterstaff of Qiublank (weapon)
{flame, rElec, staff} You sock the water moccasin!
You burn the water moccasin.
You kill the water moccasin!
Cheibriados appreciates the change of pace.
The +11 quarterstaff of Qiublank {flame, rElec, staff} stops flaming.
Your +6 shortbow of venom {bow} begins to drip with poison!
a - a +6 shortbow of venom (weapon)
{bow} You reach down and open the door.
There is an open door here.
There is an open door here.
You see here a basilisk skeleton.
Things that are here:
a -1 spear {polearm}; a +0 animal skin
There is an open door here.
There is an open door here.
You sense a monster nearby.
A black bear comes into view.
You shoot an arrow. The arrow hits the black bear!
The black bear is poisoned.
The black bear growls angrily.
You shoot an arrow. The arrow hits the black bear.
The black bear looks as sick as possible!
You shoot an arrow. The arrow hits the black bear!
The black bear looks as sick as possible!
The black bear goes berserk!
You shoot an arrow. The arrow hits the black bear!
You kill the black bear!
Cheibriados thoroughly appreciates the change of pace.
Your Invocations skill increases to level 1!
l - a scroll of identify {@r1} You sense a monster nearby.
As you read the scroll of identify {@r1}, it crumbles to dust.
x - 2 potions of attraction A seven-headed hydra comes into view.
A seven-headed hydra is nearby!
A seven-headed hydra is nearby!
You shoot an arrow. The arrow hits the seven-headed hydra!!
The seven-headed hydra looks as sick as possible!
You shoot an arrow. The arrow hits the seven-headed hydra!
You shoot an arrow. The arrow hits the seven-headed hydra!!
Your +6 shortbow of venom {bow} stops dripping with poison.
The +11 quarterstaff of Qiublank {flame, rElec, staff} bursts into flame!
b - the +11 quarterstaff of Qiublank (weapon)
{flame, rElec, staff} You hit the seven-headed hydra.
You burn the seven-headed hydra.
The seven-headed hydra bites you! x3; The seven-headed hydra bites you. x2
The seven-headed hydra barely misses you.
The seven-headed hydra bites you but does no damage.
The seven-headed hydra bites you!
* * * LOW HITPOINT WARNING * * *
The seven-headed hydra barely misses you.
The seven-headed hydra bites you!
* * * LOW HITPOINT WARNING * * *
The seven-headed hydra bites you!
* * * LOW HITPOINT WARNING * * *
The seven-headed hydra bites you!
You die...

Skill      XL: |  1  2  3  4  5  6  7  8  9 10 11 |
---------------+----------------------------------+-----
Bows           | 4 5 7 9 11 13 15 16 | 16.8
Invocations    | 1 |  1.1
Fighting       | |  2.0
Dodging        | |  1.7
Stealth        | |  0.8

Action                   |  1- 3 |  4- 6 |  7- 9 | 10-12 || total
-------------------------+-------+-------+-------+-------++-------
Melee: Quarterstaff      |     2 |    21 |    13 |    22 ||    58
 Fire: Shortbow          |    85 |    56 |   158 |   196 ||   495
Invok: Slouch            |       |       |       |     2 ||     2
  Use: Scroll            |     3 |     6 |     5 |     5 ||    19
       Potion            |       |     6 |     2 |     2 ||    10
Armor: Leather armour    |    11 |    19 |     9 |     6 ||    45
       Ring mail         |       |       |       |     4 ||     4
Dodge: Dodged            |    20 |    28 |    29 |    36 ||   113

Levels and vault maps discovered:
D:1:      wander_arrival_fairy_ring, layout_loops_ring, serial_shops,
          nicolae_shop_stone, due_unseen_surprise
D:2:      layout_loops_ring, basic_altar,
          dreamdust_ecumenical_altar_sealed_demon, serial_shops,
          nicolae_lakefront_shop, uniq_jessica, uniq_crazy_yiuf_cottage
D:3:      layout_rooms
D:4:      layout_basic, grunt_temple_overflow_diamond, serial_bayou_ford_a,
          uniq_pikel, uniq_natasha, uniq_menkaure
D:5:      layout_basic, mainiacjoe_overflow_small_starburst
D:6:      layout_gridville, lemuel_doored_altar, lemuel_temple_firewalk_b,
          gammafunk_ghost_smash, enter_ossuary_4
D:7:      layout_rooms, trog_antimagical, chequers_temple_overflow_minitemple,
          hangedman_decor_push, uniq_joseph
D:8:      layout_basic, general_overflow_altar, erik_lair_island,
          gammafunk_ghost_nasty_kobolds, serial_shops,
          nicolae_shop_bloodbath_and_beyond, uniq_maurice
Lair:1:   layout_roguey, grunt_megastairs_4, infiniplex_staircase_pool_2,
          uniq_grum

Notes
Turn   | Place    | Note
-------+----------+-------------------------------------------
     0 | D:1      | spaghetti the Demonspawn Hunter began the quest for the
                  | Orb.
     0 | D:1      | Reached XP level 1. HP: 16/16 MP: 1/1
     0 | D:1      | magus.rc [v1.9.6]
    40 | D:1      | Found Gojaz's Magic Scroll Shoppe.
   188 | D:1      | Reached skill level 4 in Bows
   194 | D:1      | Gained mutation: You are partially covered in molten
                  | scales. (AC +2) [demonic ancestry]
   194 | D:1      | Reached XP level 2. HP: 16/22 MP: 2/2
   582 | D:1      | Identified 2 scrolls of acquirement
   582 | D:1      | Acquired a +5 vorpal shortbow
   780 | D:1      | Reached XP level 3. HP: 27/27 MP: 3/3
   815 | D:2      | Found a snail-covered altar of Cheibriados.
   822 | D:2      | Became a worshipper of Cheibriados the Contemplative
   896 | D:2      | Found a runed translucent door.
   897 | D:2      | Noticed Crazy Yiuf
  1039 | D:2      | Reached skill level 5 in Bows
  1169 | D:2      | Found a faded altar of an unknown god.
  1169 | D:2      | Noticed a Tzitzimitl
  1210 | D:2      | Identified the +11 quarterstaff of Qiublank {flame, rElec}
  1232 | D:2      | Noticed Jessica
  1236 | D:2      | Killed Jessica
  1236 | D:2      | Reached * piety under Cheibriados
  1237 | D:2      | Gained mutation: You have a pair of small antennae on your
                  | head. [demonic ancestry]
  1237 | D:2      | Reached XP level 4. HP: 33/33 MP: 4/4
  1329 | D:2      | Found Anow's Assorted Antiques.
  1612 | D:2      | You pick up a book of Burglary and begin reading...
  1612 | D:2      | You add the spells Passwall, Ensorcelled Hibernation and
                  | Swiftness to your library.
  1765 | D:2      | Killed Crazy Yiuf
  1816 | D:3      | You pick up a book of Air and begin reading...
  1816 | D:3      | You add the spells Shock and Airstrike to your library.
  1935 | D:3      | Acquired the ring of Muos {Fly Slay+3}
  2051 | D:3      | Reached XP level 5. HP: 32/38 MP: 5/5
  2052 | D:3      | Reached skill level 6 in Bows
  2322 | D:4      | Noticed Menkaure
  2325 | D:4      | Killed Menkaure
  2326 | D:4      | Reached skill level 7 in Bows
  2326 | D:4      | Reached XP level 6. HP: 44/44 MP: 6/6
  2333 | D:4      | Reached ** piety under Cheibriados
  2374 | D:4      | HP: 8/44 [orc priest/+0 trident (6)]
  2389 | D:4      | HP: 7/44 [orc priest/+0 trident (6)]
  2889 | D:4      | Noticed Natasha
  2892 | D:4      | Killed Natasha
  2893 | D:4      | Reached XP level 7. HP: 50/50 MP: 7/7
  2902 | D:4      | Noticed Natasha
  2913 | D:4      | Killed Natasha
  2959 | D:4      | Noticed Natasha
  2965 | D:4      | Killed Natasha
  2990 | D:4      | Noticed Pikel
  3000 | D:4      | Killed Pikel
  3001 | D:4      | Reached skill level 9 in Bows
  3001 | D:4      | Gained mutation: Spells you cast may paralyse adjacent
                  | enemies. [demonic ancestry]
  3001 | D:4      | Reached XP level 8. HP: 49/56 MP: 8/8
  3047 | D:4      | You pick up a book of Geomancy and begin reading...
  3047 | D:4      | You add the spells Sandblast and Stone Arrow to your
                  | library.
  3326 | D:4      | Found an iron altar of Okawaru.
  3373 | D:5      | Entered Level 5 of the Dungeon
  3447 | D:5      | Reached *** piety under Cheibriados
  3455 | D:6      | Reached skill level 10 in Bows
  3681 | D:5      | You pick up a book of Dreams and begin reading...
  3681 | D:5      | You add the spells Spider Form and Anguish to your library.
  3746 | D:5      | Found a sparkling altar of Nemelex Xobeh.
  3832 | D:5      | You are sucked into a shaft and drop 2 floors!
  3861 | D:7      | Reached skill level 11 in Bows
  4045 | D:7      | Gained mutation: You have a pair of antennae on your head.
                  | [demonic ancestry]
  4045 | D:7      | Reached XP level 9. HP: 61/61 MP: 9/9
  4110 | D:7      | Reached **** piety under Cheibriados
  4133 | D:7      | Reached skill level 12 in Bows
  4165 | D:7      | Found a bloodstained altar of Trog.
  4232 | D:7      | Found a broken altar of Ashenzari.
  4232 | D:7      | Found a shadowy altar of Dithmenos.
  4241 | D:7      | Found a faded altar of an unknown god.
  4243 | D:7      | Found an ancient bone altar of Kikubaaqudgha.
  4246 | D:7      | Found a shimmering blue altar of Sif Muna.
  4310 | D:7      | Noticed Joseph
  4323 | D:7      | Killed Joseph
  4663 | D:7      | Noticed a boulder beetle
  4672 | D:7      | Killed a boulder beetle
  4673 | D:7      | Reached skill level 13 in Bows
  5042 | D:8      | Found a runed translucent gate.
  5046 | D:8      | Found a blossoming altar of Fedhas.
  5071 | D:8      | Found a runed translucent gate.
  5072 | D:8      | Found a runed translucent gate.
  5090 | D:8      | Reached XP level 10. HP: 56/67 MP: 10/10
  5288 | D:8      | Found a staircase to the Lair.
  5420 | D:8      | Noticed Maurice
  5431 | D:8      | Killed Maurice
  5432 | D:8      | Reached skill level 14 in Bows
  5489 | D:8      | Reached ***** piety under Cheibriados
  5627 | D:8      | Found Xeraghel's Weapon Boutique.
  5640 | D:8      | Noticed bladeefan's ghost (novice DsCK)
  5877 | Lair:1   | Entered Level 1 of the Lair of Beasts
  6109 | Lair:1   | Reached skill level 15 in Bows
  6143 | Lair:1   | Noticed a cane toad
  6150 | Lair:1   | Killed a cane toad
  6501 | Lair:1   | Noticed a cane toad
  6502 | Lair:1   | Noticed a black mamba
  6508 | Lair:1   | Killed a black mamba
  6515 | Lair:1   | Noticed a cane toad
  6516 | Lair:1   | Gained mutation: You have a pair of large antennae on your
                  | head. (SInv) [demonic ancestry]
  6516 | Lair:1   | Reached XP level 11. HP: 36/72 MP: 11/11
  6745 | Lair:1   | Reached skill level 16 in Bows
  7023 | Lair:1   | Identified the +1 ring mail "Ifung" {rCorr}
  7139 | Lair:1   | Noticed Grum
  7174 | Lair:1   | Killed Grum
  7443 | Lair:1   | Reached skill level 1 in Invocations
  7471 | Lair:1   | Noticed a seven-headed hydra
  7477 | Lair:1   | HP: 9/72 [seven-headed hydra (11)]
  7477 | Lair:1   | Slain by a seven-headed hydra

Vanquished Creatures
  A boulder beetle (D:7)
  Pikel (D:4)
  Maurice (D:8)
  A black mamba (Lair:1)
  Joseph (D:7)
  6 cane toads (Lair:1)
  3 komodo dragons (Lair:1)
  A troll (D:8)
  A hornet (D:7)
  5 blink frogs
  5 yaks (Lair:1)
  A basilisk (Lair:1)
  Grum (Lair:1)
  Menkaure (D:4)
  A steam dragon (D:7)
  An acid dragon (D:7)
  9 water moccasins
  An orc warrior (D:8)
  A sky beast (D:7)
  2 black bears
  4 ogres
  10 wolves
  3 centaurs
  A kobold brigand (D:8)
  3 bullfrogs
  A necrophage (D:7)
  2 scorpions (D:5)
  4 killer bees (D:8)
  6 hounds
  Crazy Yiuf (D:2)
  8 orc priests
  A gnoll shaman (D:5)
  Jessica (D:2)
  6 orc wizards
  Natasha (thrice) (D:4)
  5 gnolls
  2 adders
  An ufetubus (D:5)
  2 worms
  A dart slug (D:4)
  37 orcs
  3 ball pythons
  13 endoplasms
  2 giant cockroaches
  5 goblins
  6 hobgoblins
  7 jackals
  3 quokkas
  5 bats
  2 frilled lizards (D:1)
  17 kobolds
  4 rats
213 creatures vanquished.

Vanquished Creatures (others)
  A demonic plant (D:2)
  9 fungi
  20 plants
30 creatures vanquished.

Grand Total: 243 creatures vanquished

Table legend:
 A = Non-vault XP
 B = Vault XP
 C = Vault XP percentage of total XP
 D = Non-vault monster count
 E = Vault monster count
 F = Vault count percentage of total count
                 A         B        C        D         E       F
            +---------+---------+-------+---------+---------+-------
      Total |   12149 |    4109 |  25.3 |     188 |      25 |  11.7
            +---------+---------+-------+---------+---------+-------
        D:1 |      41 |       0 |   0.0 |      25 |       0 |   0.0
        D:2 |      55 |      79 |  59.0 |      22 |       2 |   8.3
        D:3 |      91 |       0 |   0.0 |       8 |       0 |   0.0
        D:4 |     364 |     858 |  70.2 |      29 |       3 |   9.4
        D:5 |     610 |       0 |   0.0 |      25 |       0 |   0.0
        D:6 |     124 |       0 |   0.0 |       2 |       0 |   0.0
        D:7 |    2284 |     811 |  26.2 |      20 |       4 |  16.7
        D:8 |    1009 |    1185 |  54.0 |      25 |       9 |  26.5
     Lair:1 |    7571 |    1176 |  13.4 |      32 |       7 |  17.9
            +---------+---------+-------+---------+---------+-------

Illustrated notes

Table legend:
 A = Kills in this place as a percentage of kills in entire the game.
 B = Kills by you in this place as a percentage of kills by you in the entire game.
 C = Kills by friends in this place as a percentage of kills by friends in the entire game.
 D = Other kills in this place as a percentage of other kills in the entire game.
 E = Experience gained in this place as a percentage of experience gained in the entire game.
 F = Experience gained in this place divided by the number of levels of this place that you have seen.
                   A       B       C       D       E      F
               +-------+-------+-------+-------+-------+----------------------
         Total | 100.0 | 100.0 |   N/A |   N/A | 100.0 | 1806.4
       Dungeon |  81.7 |  81.7 |   N/A |   N/A |  46.2 | 938.9
          Lair |  18.3 |  18.3 |   N/A |   N/A |  53.8 | 8747.0
               +-------+-------+-------+-------+-------+----------------------

Table legend: (Time is in decaauts)
 A = Elapsed time spent in this place.
 B = Non-inter-level travel time spent in this place.
 C = Inter-level travel time spent in this place.
 D = Time resting spent in this place.
 E = Time spent auto-exploring this place.
 F = Levels seen in this place.
 G = Mean time per level.
                   A        B        C        D        E       F      G
               +--------+--------+--------+--------+--------+-----+--------+
         Total |   9419 |   9132 |    287 |   1891 |   5990 |   9 | 1046.6 |
       Dungeon |   7649 |   7362 |    287 |   1298 |   5065 |   8 |  956.1 |
          Lair |   1769 |   1769 |      0 |    592 |    924 |   1 | 1769.0 |
               +--------+--------+--------+--------+--------+-----+--------+

Top non-repeatable levels by time:
  Lair:1: 1769 daAuts
     D:7: 1760 daAuts
     D:4: 1285 daAuts
     D:2: 1247 daAuts
     D:8: 1111 daAuts
     D:1: 833 daAuts
     D:3: 779 daAuts
     D:5: 569 daAuts
     D:6: 64 daAuts
